 Dungeon Crawl Stone Soup version 0.29.1-15-g9cfb28693d (console) character file.

Game seed: 6420715532282413371

78 erker the Vexing (level 4, 0/30 (32) HPs)
             Began as a Formicid Arcane Marksman on Apr 15, 2023.
             Slain by a gnoll
             ... wielding a +0 whip
              (6 damage)
             ... on level 2 of the Dungeon.
             The game lasted 00:05:24 (1799 turns).

erker the Vexing (Formicid Arcane Marksman)         Turns: 1799, Time: 00:05:25

HP:   0/30 (32)     AC:  3    Str: 14    XL:     4   Next: 61%
MP:   3/5           EV: 11    Int: 15    God:
Gold: 120           SH:  0    Dex: 14    Spells: 2/5 levels left

rFire   . . .      SeeInvis +   a - +1 sling
rCold   . . .      Faith    .   (no shield)
rNeg    . . .      Spirit   .   i - +0 leather armour
rPois   .          Reflect  .   (helmet unavailable)
rElec   .          Harm     .   (no cloak)
rCorr   .          Rampage  .   (no gloves)
Will    .....                   (no boots)
Stlth   +.........              (no amulet)
HPRegen 0.10/turn               (no ring)
MPRegen 0.09/turn               (no ring)

@: drained
A: permanent stasis, dig shafts and tunnels, antennae 3, four strong arms
a: Dig, Shaft Self


You were on level 2 of the Dungeon.
You visited 1 branch of the dungeon, and saw 2 of its levels.

You collected 120 gold pieces.

Inventory:

Hand Weapons
 a - a +1 sling (weapon)
Armour
 c - a +0 robe
 i - a +0 leather armour (worn)
Magical Staves
 g - a staff of conjuration
Scrolls
 b - a scroll of poison
 d - 2 scrolls of identify {unknown}
 e - a scroll of teleportation {unknown}
 h - a scroll of fear {unknown}
Potions
 f - a potion of invisibility {unknown}
 j - a potion of berserk rage {unknown}


   Skills:
 - Level 1.1 Fighting
 * Level 3.8 Ranged Weapons
 - Level 1.7 Dodging
 - Level 1.1 Spellcasting
 + Level 4.5 Hexes
 + Level 0.1 Air Magic
 + Level 0.3 Poison Magic


You had 2 spell levels left.
You knew the following spells:

 Your Spells              Type           Power      Damage    Failure   Level
a - Slow                  Hex            56%        N/A       4%          1
n - Poisonous Vapours     Pois/Air       2%         N/A       38%         2

Your spell library contained the following spells:

 Spells                   Type           Power      Damage    Failure   Level
 Inner Flame              Hex/Fire       7%         N/A       36%         3
 Portal Projectile        Hex/Tloc       14%        N/A       36%         3
 Cause Fear               Hex            7%         N/A       43%         4
 Gell's Gravitas          Tloc           0%         N/A       67%         3
 Teleport Other           Tloc           0%         N/A       67%         3
 Corpse Rot               Necr/Pois/Air  1%         N/A       96%         4
 Dispersal                Tloc           0%         N/A       100%        6


Dungeon Overview and Level Annotations

Branches:
Dungeon (2/15)

Altars:


Innate Abilities, Weirdness & Mutations

You cannot be hasted, slowed, berserked, paralysed or teleported.
You can dig through walls and to a lower floor.
You have a pair of large antennae on your head. (SInv)
Your four strong arms can wield two-handed weapons with a shield.


Message History

The gnoll is severely wounded.
The jackal barely misses you.
Press: ? - help, v - describe, . - travel
Here: a gnoll, wielding a +0 flail (severely wounded)
The floor.
Unknown command.
Unknown command.
Unknown command.
Unknown command.
Fire: a) +1 sling
Press: ? - help, Q - select action, (/) - cycle Shift-Dir - straight line, f/p - jackal
Aim: a jackal (slow, 50% to hit)
You shoot a sling bullet. The sling bullet hits the jackal.
The jackal is moderately wounded.
The jackal closely misses you. x2
Fire: a) +1 sling
Press: ? - help, Q - select action, (/) - cycle Shift-Dir - straight line, f/p - jackal
Aim: a jackal (moderately wounded, slow, 50% to hit)
You shoot a sling bullet. The sling bullet hits the jackal.
You kill the jackal!
The gnoll hits you with a +0 flail.
* * * LOW HITPOINT WARNING * * *
Casting: Slow (safe; 4% risk of failure)
Confirm with . or Enter, or press ? or * to list all spells.
Aiming: Slow (safe; 4% risk of failure)
Press: ? - help, Shift-Dir - straight line, f - gnoll
Aim: a gnoll, wielding a +0 flail (severely wounded, chance to affect: 62%)
The gnoll seems to slow down.
A gnoll comes into view. It is wielding a +0 flail.
The gnoll barely misses you.
You extend your mandibles.
You dig through the rock wall.
You feel drained. 2 gnolls come into view.
The gnoll shouts! x2
The gnoll barely misses you.
You retract your mandibles.
The gnoll hits you with a +0 flail.
* * * LOW HITPOINT WARNING * * *
The gnoll attacks as you move away! The gnoll barely misses you.
The gnoll hits you with a +0 whip.
You die...

#........# #........
#........ #######.. #....#
#.. ####....## #..
...'.....### #..
####.......### ##..
##..g.##S..# #...
##..g..####.### #[#.
###.gg.@........# #.#.
#...##########..# #.#.
#..{####### #g.#####.#.
#......g..# #........#.
#########.# #...######.
#.####...####.#.
###########.#..)g.......#.
..........#†#.g...........
..........#.#......####.#.


You could see 4 gnolls.

Vanquished Creatures
  A gnoll (D:2)
  2 adders (D:2)
  A worm (D:2)
  A dart slug (D:1)
  4 bats
  4 endoplasms
  4 giant cockroaches
  A goblin (D:1)
  3 hobgoblins
  3 jackals
  4 quokkas
  4 ball pythons
  4 kobolds (D:1)
  4 rats
40 creatures vanquished.

Notes
Turn   | Place    | Note
-------+----------+-------------------------------------------
     0 | D:1      | erker the Formicid Arcane Marksman began the quest for the
                  | Orb.
     0 | D:1      | Reached XP level 1. HP: 15/15 MP: 2/2
   112 | D:1      | Reached XP level 2. HP: 17/21 MP: 3/3
   306 | D:1      | Reached skill level 4 in Hexes
   440 | D:1      | Reached XP level 3. HP: 26/26 MP: 4/4
  1383 | D:2      | Reached XP level 4. HP: 32/32 MP: 5/5
  1400 | D:2      | Learned a level 2 spell: Poisonous Vapours
  1799 | D:2      | Slain by a gnoll

Illustrated notes

Levels and vault maps discovered:
D:1:      scummos_arrival_forest, layout_loops_ring, minmay_tromino_v4_a
D:2:      layout_basic, chequers_serial_rivers_small_a, uniq_robin

Skill      XL: |  1  2  3 |
---------------+----------+-----
Hexes          | 4 |  4.5
Ranged Weapons | 3 |  3.8
Fighting       | |  1.1
Dodging        | |  1.7
Spellcasting   | |  1.1
Air Magic      | |  0.1
Poison Magic   | |  0.3

Action                   |  1- 3 |  4- 6 || total
-------------------------+-------+-------++-------
 Fire: Sling             |   121 |    48 ||   169
 Cast: Slow              |     3 |    16 ||    19
 Abil: Dig               |       |     1 ||     1
Armor: Robe              |    18 |       ||    18
       Leather armour    |     3 |    13 ||    16
Dodge: Dodged            |    38 |    26 ||    64
